 Dungeon Crawl Stone Soup version 0.22-a0-181-gb22368a (webtiles) character file.

46 mhoghedin the Ducker (level 3, -4/35 HPs)
             Began as a Gnoll Monk on Feb 14, 2018.
             Hit by a tomahawk thrown by an orc warrior (11 damage)
             ... on level 2 of the Dungeon.
             The game lasted 00:01:18 (862 turns).

mhoghedin the Ducker (Gnoll Monk)                    Turns: 862, Time: 00:01:19

Health: -4/35      AC:  2    Str: 14    XL:     3   Next: 68%
Magic:  4/4        EV: 16    Int: 12    God:
Gold:   82         SH:  0    Dex: 17    Spells: 3/3 levels left

rFire    . . .     SeeInvis .   n - +0 hand axe (elec)
rCold    . . .     Gourm    .   (no shield)
rNeg     . . .     Faith    .   b - +0 robe
rPois    .         Spirit   .   (no helmet)
rElec    .         Reflect  .   (no cloak)
rCorr    .         Harm     .   (no gloves)
MR       .....                  (no boots)
Stlth    +++.......             (no amulet)
HPRegen  0.11/turn              (no ring)
MPRegen  0.09/turn              (no ring)

@: no status effects
A: distributed training, fangs 1, strong nose
a: no special abilities


You were on level 2 of the Dungeon.
You were not hungry.

You visited 1 branch of the dungeon, and saw 2 of its levels.

You collected 82 gold pieces.

Inventory:

Hand Weapons
 a - a +0 mace
 n - a +0 hand axe of electrocution (weapon)
   (You took it off an orc on level 2 of the Dungeon)
Armour
 b - a +0 robe (worn)
Scrolls
 e - a scroll of identify {unknown}
 g - 2 scrolls of remove curse {unknown}
 h - a scroll of immolation {unknown}
 k - a scroll of fog {unknown}
 l - a scroll of blinking {unknown}
Potions
 d - a potion of lignification {unknown}
 f - a potion of might {unknown}
 i - a potion of ambrosia {unknown}
 j - a potion of mutation {unknown}
 m - a potion of brilliance {unknown}
Comestibles
 c - 6 rations
 o - 3 chunks of flesh {@w0}


   Skills:
 + Level 6.5 Fighting
 + Level 0.9 Short Blades
 + Level 0.9 Long Blades
 + Level 0.9 Axes
 + Level 6.5 Maces & Flails
 + Level 0.9 Polearms
 + Level 0.9 Staves
 + Level 0.9 Slings
 + Level 0.9 Bows
 + Level 0.9 Crossbows
 + Level 0.9 Throwing
 + Level 0.9 Armour
 + Level 6.5 Dodging
 + Level 4.2 Stealth
 + Level 0.9 Shields
 + Level 0.9 Unarmed Combat
 + Level 0.9 Spellcasting
 + Level 0.6 Conjurations
 + Level 0.6 Hexes
 + Level 0.6 Charms
 + Level 0.6 Summonings
 + Level 0.6 Necromancy
 + Level 0.6 Translocations
 + Level 0.6 Transmutations
 + Level 0.6 Fire Magic
 + Level 0.6 Ice Magic
 + Level 0.6 Air Magic
 + Level 0.6 Earth Magic
 + Level 0.6 Poison Magic
 + Level 1.0 Invocations
 + Level 0.9 Evocations


You had 3 spell levels left.
You didn't know any spells.

Dungeon Overview and Level Annotations

Branches:
Dungeon (2/15)

Altars:


Innate Abilities, Weirdness & Mutations

Your experience applies equally to all skills.
You have very sharp teeth.
Your uncanny sense of smell can sniff out nearby items.


Message History

Health restored: 35 No target in view!
No target in view!
No target in view!
No target in view!
No target in view!
No target in view!
No target in view!
No target in view!
l - a scroll labeled USEENI MENI You see here a robe.
A rat comes into view.
You see here a sedimented orange potion.
You sock the rat!
You kill the rat!
Your Invocations skill increases to level 1!
No target in view!
No target in view!
No target in view!
No target in view!
No target in view!
No target in view!
No target in view!
No target in view!
No target in view!
No target in view!
m - a sedimented orange potion A kobold comes into view.
It is wielding a short sword.
The kobold shouts!
You hit the kobold.
You kill the kobold!
No target in view!
No target in view!
No target in view!
No target in view!
No target in view!
No target in view!
Things that are here:
a short sword; a kobold corpse 2 orcs come into view.
An orc is wielding a hand axe of electrocution.
There are monsters nearby! 2 orcs and an orc warrior come into view.
The orc shouts!
You hear a shout!
The orc shouts!
You thump the orc!
You kill the orc!
Things that are here:
a hand axe of electrocution; a leather armour
n - a hand axe of electrocution The orc misses you.
Wield which item (- for none, * to show all)? (? for menu, Esc to quit)
You hear the crackle of electricity.
n - a +0 hand axe of electrocution (weapon)
The orc misses you.
Unknown command.
You hit the orc. The orc barely misses you.
You hit the orc but do no damage. Your bite misses the orc.
The orc barely misses you.
You hit the orc.
You kill the orc!
You hit the orc. The orc hits you but does no damage.
You hit the orc. You bite the orc. The orc hits you with a dagger. x2
You take 5 damage, and have 30/35 hp.
You hit the orc.
You kill the orc!
No target in view!
No target in view!
No target in view!
No target in view!
No target in view!
No target in view!
No target in view!
No target in view!
No target in view!
No target in view!
No target in view!
No target in view!
No target in view!
Things that are here:
a dagger; an orc corpse You butcher the orc corpse.
o - 3 chunks of flesh {@w0} You see here a dagger.
There isn't anything to butcher here.
The orc shouts!
The orc warrior shouts!
The orc warrior throws a tomahawk.
The tomahawk hits you!
You see here a tomahawk.
You take 10 damage, and have 21/35 hp.
MASSIVE DAMAGE!!
The orc warrior throws a tomahawk.
The tomahawk closely misses you.
You see here a dagger.
You see here a leather armour.
The orc warrior throws a tomahawk.
The tomahawk hits you!
* * * LOW HITPOINT WARNING * * *
You see here a tomahawk.
You take 16 damage, and have 6/35 hp.
MASSIVE DAMAGE!!
The orc warrior throws a tomahawk.
The tomahawk hits you!
You die...

.# ... ...
########(.# .# ...
... #.o..[o.o.# .#
.. .. #o#######.#
.# #.#.# #.# ...
.# #...# #.# (.##
.# ...# #.# ..#
########.#### #.#
#.#
............####.#
..
########.......#@#
.. # #.......#.# #
#.......#.# #
#.......#.# #
###.[####.#
#..####.##
#...†....#
###.###..#
#..)...#


You could see an orc warrior and an orc.

Vanquished Creatures
  2 dart slugs (D:1)
  A leopard gecko (D:1)
  3 orcs (D:2)
  4 goblins (D:1)
  7 hobgoblins (D:1)
  4 jackals (D:1)
  5 kobolds
  3 bats
  2 frilled lizards (D:1)
  3 rats
34 creatures vanquished.

Notes
Turn   | Place    | Note
-------+----------+-------------------------------------------
     0 | D:1      | mhoghedin the Gnoll Monk began the quest for the Orb.
     0 | D:1      | Reached XP level 1. HP: 23/23 MP: 1/1
    60 | D:1      | Reached XP level 2. HP: 28/29 MP: 2/2
   253 | D:1      | Reached XP level 3. HP: 35/35 MP: 3/3
   797 | D:2      | Reached skill level 1 in Invocations
   824 | D:2      | Noticed an orc warrior
   854 | D:2      | HP: 6/35 [orc warrior/tomahawk (16)]
   862 | D:2      | Hit by a tomahawk thrown by an orc warrior

Vault maps used:
D:1:      minmay_arrival_plants_in_alcoves, serial_bayou_lagoon_a, st_stairs_3
D:2:      dancing_weapons_uskayaw

Skill      XL: |  1  2  3 |
---------------+----------+-----
Invocations    | 1 |  1.0
Fighting       | |  6.5
Short Blades   | |  0.9
Long Blades    | |  0.9
Axes           | |  0.9
Maces & Flails | |  6.5
Polearms       | |  0.9
Staves         | |  0.9
Slings         | |  0.9
Bows           | |  0.9
Crossbows      | |  0.9
Throwing       | |  0.9
Armour         | |  0.9
Dodging        | |  6.5
Stealth        | |  4.2
Shields        | |  0.9
Unarmed Combat | |  0.9
Spellcasting   | |  0.9
Conjurations   | |  0.6
Hexes          | |  0.6
Charms         | |  0.6
Summonings     | |  0.6
Necromancy     | |  0.6
Translocations | |  0.6
Transmutations | |  0.6
Fire Magic     | |  0.6
Ice Magic      | |  0.6
Air Magic      | |  0.6
Earth Magic    | |  0.6
Poison Magic   | |  0.6
Evocations     | |  0.9

Action                   || total
-------------------------++-------
Melee: Mace              ||    86
       Bite              ||    12
       Hand axe          ||     6
 Stab: Sleeping          ||     2
Armor: Robe              ||    12
Dodge: Dodged            ||    74

Table legend:
 A = Spawn XP
 B = Non-spawn XP
 C = Spawn XP percentage of total XP
 D = Spawn monster count
 E = Non-spawn monster count
 F = Spawn count percentage of total count
 G = Total turns spent on level
                    A         B        C        D         E        F      G
               +---------+---------+-------+---------+---------+-------+---------
         Total |       0 |      67 |   0.0 |       0 |      34 |   0.0 |   862
               +---------+---------+-------+---------+---------+-------+---------
           D:1 |       0 |      54 |   0.0 |       0 |      28 |   0.0 |   716
           D:2 |       0 |      13 |   0.0 |       0 |       6 |   0.0 |   146
               +---------+---------+-------+---------+---------+-------+---------

Vault maps used:
D:1:      minmay_arrival_plants_in_alcoves, serial_bayou_lagoon_a, st_stairs_3
D:2:      dancing_weapons_uskayaw

Table legend:
 A = Turns spent in this place as a percentage of turns spent in the entire game.
 B = Non-inter-level travel turns spent in this place as a percentage of non-inter-level travel turns spent in the entire game.
 C = Inter-level travel turns spent in this place as a percentage of turns spent in this place.
 D = Turns resting spent in this place as a percentage of non-inter-level travel turns spent in this place.
 E = Turns spent auto-exploring this place as a percentage of non-inter-level travel turns spent in this place.
 F = Non-inter-level travel turns spent in this place divided by the number of levels of this place that you've seen.
                   A       B       C       D       E      F
               +-------+-------+-------+-------+-------+----------------------
         Total | 100.0 | 100.0 |   3.2 |  13.7 |  58.3 | 417.0
       Dungeon | 100.0 | 100.0 |   3.2 |  13.7 |  58.3 | 417.0
               +-------+-------+-------+-------+-------+----------------------

Table legend:
 A = Kills in this place as a percentage of kills in entire the game.
 B = Kills by you in this place as a percentage of kills by you in the entire game.
 C = Kills by friends in this place as a percentage of kills by friends in the entire game.
 D = Other kills in this place as a percentage of other kills in the entire game.
 E = Experience gained in this place as a percentage of experience gained in the entire game.
 F = Experience gained in this place divided by the number of levels of this place that you have seen.
                   A       B       C       D       E      F
               +-------+-------+-------+-------+-------+----------------------
         Total | 100.0 | 100.0 |   N/A |   N/A | 100.0 |  33.5
       Dungeon | 100.0 | 100.0 |   N/A |   N/A | 100.0 |  33.5
               +-------+-------+-------+-------+-------+----------------------
